 Dungeon Crawl Stone Soup version 0.27-a0-1113-gb2b6fe9c5e (webtiles) character file.

Game seed: 14105452738275697034

55865 EnegeticOcto the Covert (level 15, -2/90 HPs)
             Began as a Kobold Hedge Wizard on May 1, 2021.
             Was an Elder of Wu Jian.
             Slain by a komodo dragon (32 damage)
             ... on level 6 of the Lair of Beasts.
             The game lasted 00:58:05 (31541 turns).

EnegeticOcto the Covert (Kobold Hedge Wizard)      Turns: 31541, Time: 00:58:05

Health: -2/90      AC: 12    Str: 11    XL:     15   Next: 19%
Magic:  19/25      EV: 19    Int: 17    God:    Wu Jian [****..]
Gold:   983        SH: 17    Dex: 16    Spells: 16/28 levels left

rFire    + + .     SeeInvis .   X - +2 rapier (distort)
rCold    + . .     Faith    .   s - +4 kite shield "Byseg" {rElec rF+ rN+}
rNeg     + . .     Spirit   .   I - +2 robe {rF+}
rPois    .         Reflect  .   B - +2 helmet
rElec    +         Harm     .   u - +1 cloak
rCorr    +         Rampage  .   A - +2 pair of gloves
Will     +....                  (no boots)
Stlth    +++++++...             (no amulet)
HPRegen  0.25/turn              m - ring of resist corrosion
MPRegen  0.19/turn              L - ring of protection from cold

@: very slightly contaminated
A: small, no large weapons, nightstalker 3
a: Renounce Religion, Wall Jump, Serpent's Lash


You were on level 6 of the Lair of Beasts.
You worshipped Wu Jian.
Wu Jian was greatly pleased with you.
You visited 3 branches of the dungeon, and saw 18 of its levels.
You also visited: Gauntlet and Volcano.

You collected 1221 gold pieces.
You spent 238 gold pieces at shops.

Inventory:

Hand Weapons
 X - a +2 rapier of distortion (weapon)
   (You took it off a spriggan on level 5 of the Lair of Beasts)
Missiles
 y - 7 throwing nets (quivered) {!f}
Armour
 s - the +4 kite shield "Byseg" (worn) {rElec rF+ rN+}
   (You found it on level 7 of the Dungeon)

   It protects you from fire.
   It insulates you from electricity.
   It protects you from negative energy.
 u - a +1 cloak (worn)
   (You took it off Crazy Yiuf on level 6 of the Dungeon)
 A - a +2 pair of gloves (worn)
   (You found it on level 4 of the Dungeon)
 B - a +2 helmet (worn)
   (You found it on level 5 of the Dungeon)
 I - a +2 robe of fire resistance (worn)
   (You took it off Blork the orc on level 5 of the Dungeon)
Jewellery
 c - a ring of positive energy
   (You bought it in a shop on level 5 of the Dungeon)
 d - a ring of see invisible
   (You found it on level 10 of the Dungeon)
 m - a ring of resist corrosion (left hand)
   (You found it on level 2 of the Dungeon)
 L - a ring of protection from cold (right hand)
   (You found it on level 9 of the Dungeon)
 U - a ring of fire
   (You found it on level 5 of the Lair of Beasts)
Wands
 o - a wand of charming (7)
   (You found it on level 4 of the Lair of Beasts)
 t - a wand of acid (15) {@v1}
   (You found it on level 4 of the Dungeon)
 v - a wand of iceblast (2) {@v2}
   (You found it on level 4 of the Lair of Beasts)
 F - a wand of flame (1) {@v4}
   (You found it on level 5 of the Dungeon)
 G - a wand of polymorph (8)
   (You took it off Sigmund on level 6 of the Dungeon)
 M - a wand of mindburst (9)
   (You found it on level 9 of the Dungeon)
Scrolls
 a - a scroll of holy word
 e - a scroll of blinking {@r4}
 f - 2 scrolls of torment
 g - 3 scrolls of magic mapping {@r5 !r}
 h - 10 scrolls of teleportation {@r3 !r}
 n - 4 scrolls of fog {!r}
 D - 2 scrolls of immolation
 E - a scroll of amnesia
 J - 2 scrolls of identify {@r1}
 K - 3 scrolls of vulnerability
 P - a scroll of enchant armour
 S - a scroll of brand weapon
 V - a scroll of silence
 Y - a scroll of summoning {unknown}
Potions
 i - 2 potions of mutation
 j - 2 potions of cancellation
 k - 2 potions of invisibility
 l - 5 potions of curing {@q1 !q}
 p - a potion of might {@q3 !q}
 q - a potion of resistance
 r - 6 potions of haste {@q4 !q}
 w - 5 potions of lignification {@q6}
 z - 6 potions of flight
 C - 2 potions of ambrosia
 H - 2 potions of attraction
 N - 2 potions of berserk rage
 O - a potion of brilliance
 R - 2 potions of heal wounds {@q2 !q}
Miscellaneous
 T - a box of beasts
   (You found it in a Gauntlet)
 W - a condenser vane
   (You found it in a Gauntlet)


   Skills:
 - Level 9.0 Fighting
 + Level 10.6 Short Blades
 + Level 10.8 Dodging
 + Level 14.5 Stealth
 + Level 12.6 Shields
 - Level 7.0 Spellcasting
 - Level 4.0 Conjurations
 - Level 3.0 Summonings
 - Level 1.0 Translocations
 - Level 4.0 Air Magic
 - Level 4.0 Poison Magic
 - Level 4.0 Evocations


You had 16 spell levels left.
You knew the following spells:

 Your Spells              Type           Power      Damage    Failure   Level
a - Magic Dart            Conj           76%        1d6       4%          1
b - Call Imp              Summ           16%        N/A       11%         2
c - Mephitic Cloud        Conj/Pois/Air  19%        N/A       14%         3
d - Slow                  Hex            5%         N/A       36%         2
p - Passwall              Tmut/Erth      4%         N/A       36%         2
Y - Blink                 Tloc           N/A        N/A       24%         2

Your spell library contained the following spells:

 Spells                   Type           Power      Damage    Failure   Level
 Summon Small Mammal      Summ           64%        N/A       7%          1
 Static Discharge         Conj/Air       19%        N/A       7%          2
 Apportation              Tloc           18%        N/A       16%         1
 Call Canine Familiar     Summ           16%        N/A       22%         3
 Animate Skeleton         Necr           10%        N/A       24%         1
 Beastly Appendage        Tmut           10%        N/A       24%         1
 Corona                   Hex            5%         N/A       24%         1
 Sandblast                Erth           10%        2d5       24%         1
 Conjure Flame            Conj/Fire      12%        6-21      32%         3
 Spider Form              Tmut/Pois      6%         N/A       32%         3
 Stone Arrow              Conj/Erth      24%        3d8       32%         3
 Wereblood                Tmut           5%         N/A       36%         2
 Summon Guardian Golem    Hex/Summ       11%        N/A       36%         3
 Summon Lightning Spire   Summ/Air       17%        N/A       50%         4
 Summon Ice Beast         Ice/Summ       11%        N/A       78%         4
 Lightning Bolt           Conj/Air       9%         1d22      78%         5
 Animate Dead             Necr           2%         N/A       94%         4
 Ice Form                 Ice/Tmut       5%         N/A       94%         4
 Petrify                  Tmut/Erth      5%         N/A       94%         4
 Borgnjor's Vile Clutch   Necr/Erth      2%         N/A       100%        5
 Hydra Form               Tmut           2%         N/A       100%        5
 Lee's Rapid Deconstruct  Erth           2%         3d6*      100%        5
 Death Channel            Necr           2%         N/A       100%        6
 Simulacrum               Ice/Necr       2%         N/A       100%        6
 Ignition                 Fire           2%         3d3       100%        8
 Shatter                  Erth           2%         3d6*      100%        9
 Tornado                  Air            9%         N/A       100%        9


Dungeon Overview and Level Annotations

Branches:
Dungeon (11/15)            Temple (1/1) D:4            Lair (6/6) D:8
  Snake (0/4) Lair:2        Slime (0/5) Lair:6          Orc (0/2) D:10
Volcano (visited)         Gauntlet (visited)
  Swamp: Lair:2-4    Shoals: Lair:2-4

Altars:
Ashenzari
Cheibriados
Dithmenos
Elyvilon
Fedhas
Gozag
Hepliaklqana
Kikubaaqudgha
Makhleb
Nemelex Xobeh
Okawaru
Qazlal
Ru
Sif Muna
Trog
Uskayaw
Vehumet
Wu Jian
Xom
Yredelemnul
Zin
The Shining One

Shops:
D:5 *

Portals:
Abyss: Lair:5

Annotations:
Lair:2 1 exclusion
Lair:5 exclusion: molten gargoyle


Innate Abilities, Weirdness & Mutations

You are small and have problems with some larger weapons.
You are completely attuned to the shadows.


Message History

You closely miss the sea snake.
The sea snake is almost dead.
The sea snake closely misses you.
You hit the sea snake.
Space bends around the sea snake.
The sea snake is almost dead.
You block the sea snake's attack.
You hit the sea snake but do no damage.
Space bends around the sea snake.
The sea snake is almost dead.
The sea snake bites you.
You are poisoned.
The sea snake poisons you!
You hit the sea snake.
Space bends around the sea snake!
You kill the sea snake!
The Council accepts your kill.
You feel extremely sick.
You start resting.
You feel extremely sick. x3
You feel very sick. x4
You feel sick. x8
You are no longer poisoned.
You start resting.
A polar bear comes into view.
Your supernatural speed expires.
You lunge at the polar bear, in a flurry of attacks.
You barely miss the polar bear.
The polar bear growls angrily.
You puncture the polar bear!
Space bends around the polar bear.
The polar bear is moderately wounded.
The polar bear bites you! You block the polar bear's attack.
The polar bear completely misses you.
You hit the polar bear but do no damage.
The polar bear is moderately wounded.
The polar bear blinks!
A polar bear is nearby!
You lunge at the polar bear.
You hit the polar bear.
The polar bear is moderately wounded.
The polar bear blinks!
You lunge at the polar bear, in a flurry of attacks.
You hit the polar bear.
The polar bear is heavily wounded.
You barely miss the polar bear.
The polar bear is heavily wounded.
You block the polar bear's attack.
The polar bear claws you but does no damage.
The polar bear barely misses you.
You hit the polar bear.
The polar bear is heavily wounded.
The polar bear blinks!
You feel less exhausted.
A komodo dragon comes into view.
You lunge at the polar bear.
You barely miss the polar bear.
The polar bear is heavily wounded.
You block the polar bear's attack. The polar bear closely misses you.
You block the polar bear's attack.
The komodo dragon hisses angrily.
You hit the polar bear but do no damage.
Space bends around the polar bear.
The polar bear is severely wounded.
The polar bear bites you.
The polar bear claws you but does no damage.
The polar bear misses you.
You spin and attack the polar bear.
You puncture the polar bear!
The polar bear is severely wounded.
The polar bear bites you but does no damage.
The polar bear misses you. The polar bear barely misses you.
You hit the polar bear.
The polar bear is almost dead.
The polar bear blinks!
The polar bear goes berserk!
The polar bear rages.
You barely miss the polar bear.
The polar bear is almost dead.
You block the polar bear's attack. x2
The polar bear claws you but does no damage.
You hit the polar bear but do no damage.
Space warps horribly around the polar bear!
You kill the polar bear!
The Council accepts your kill.
You lunge at the komodo dragon.
You hit the komodo dragon.
Space bends around the komodo dragon.
The komodo dragon is lightly wounded.
The komodo dragon bites you!!
* * * LOW HITPOINT WARNING * * *
You block the komodo dragon's attack.
The komodo dragon hisses menacingly.
Casting: Passwall (dangerous; 36% risk of failure)
Confirm with . or Enter, or press ? or * to list all spells.
Aiming: Mephitic Cloud (dangerous; 14% risk of failure)
Press: ? - help, Shift-Dir - straight line You miscast Mephitic Cloud.
You are very lightly contaminated with residual magic.
Nothing appears to happen.
The komodo dragon bites you.
Casting: Mephitic Cloud (dangerous; 14% risk of failure)
Confirm with . or Enter, or press ? or * to list all spells.
Aiming: Mephitic Cloud (dangerous; 14% risk of failure)
Press: ? - help, Shift-Dir - straight line The ball explodes into a vile cloud!
The stinking cloud engulfs the komodo dragon but does no damage.
You hear a bellow!
The komodo dragon bites you!!
You die...

.####......P##*..............####
## ##......# *##............##..
#* ###.#### ##......#...###..
.######### #P###.##........
##.##.###### ##* ####.##.#...
.##.#.#.##.# ####### ###.#....
.....#..#..# #.P.P.## #....÷.
...........# #<.....# #......
...........#####@.....# ###.....
...........#.#.l○.....# ##.......
.............#.#☼☼....# #P..#....
................☼..)..###..###...
..........................## ###.
...........(..........#..#### ##
.............#...Y...P†..##.# #
)...........P##.Y...P....#.####
†...........##..............PP##


You could see a komodo dragon.

Vanquished Creatures
  A minotaur (Gauntlet)
  A boulder beetle (Lair:5)
  Harold (D:8)
  An anaconda (Lair:4)
  7 hydras
  3 two-headed ogres
  A centaur warrior (D:10)
  A death knight (D:11)
  2 death yaks (Lair:2)
  A thrashing horror (Lair:5)
  A sea snake (Lair:6)
  A bog body (Lair:2)
  Pikel (D:7)
  2 wolf spiders (D:11)
  3 cyclopes (D:11)
  An ugly thing (Lair:5)
  A worldbinder (Gauntlet)
  2 elephants (Gauntlet)
  2 manticores
  An elephant (shapeshifter) (D:11)
  A rust devil (Lair:5)
  A torpor snail (Lair:3)
  11 black mambas
  A molten gargoyle (Volcano)
  2 gargoyles
  11 cane toads
  2 efreet
  9 komodo dragons
  An ice devil (Lair:5)
  3 kobold demonologists
  An ancient zyme (Lair:5)
  4 rime drakes
  5 trolls
  A hornet (D:9)
  A polar bear (Lair:6)
  Prince Ribbit (D:6)
  21 blink frogs
  2 shadows
  Sigmund (D:6)
  A wraith (D:11)
  A vampire (D:10)
  40 yaks
  A spriggan (Lair:5)
  4 wyverns
  6 basilisks
  A fire elemental (Volcano)
  3 fire bats (Volcano)
  3 nagas (Lair:2)
  19 water moccasins
  A floating eye (Lair:4)
  4 orc warriors
  A sky beast (D:5)
  3 black bears
  A hornet zombie (D:8)
  A tengu (D:11)
  10 wolves
  2 ogres
  2 centaurs
  4 lemures (D:7)
  Blork the orc (D:5)
  2 kobold brigands (D:10)
  15 bullfrogs
  A gnoll sergeant (D:7)
  An earth elemental (Volcano)
  2 water moccasin skeletons
  A howler monkey (D:4)
  7 electric eels
  4 lava snakes (Volcano)
  8 centaur zombies
  2 orc priests
  Crazy Yiuf (D:6)
  A centaur skeleton (D:7)
  A gnoll shaman (D:4)
  5 hounds
  5 iguanas
  A scorpion zombie (D:5)
  3 orc wizards
  A killer bee zombie (D:8)
  6 gnolls
  4 adders
  3 adder skeletons
  2 worms
  4 dart slugs
  31 orcs
  A bat skeleton (D:2)
  An endoplasm (D:2)
  7 goblins
  8 hobgoblins
  4 jackals (D:2)
  3 quokkas
  8 ball pythons
  A ball python skeleton (D:2)
  A ball python zombie (D:2)
  6 bats
  5 frilled lizards
  A giant cockroach zombie (D:2)
  A jackal zombie (D:2)
  9 kobolds
  A quokka zombie (D:2)
  4 rats
394 creatures vanquished.

Vanquished Creatures (collateral kills)
  The ghost of manon the Blocker, a journeyman VSFi of Okawaru (Lair:5)
  An anaconda (Lair:4)
  A yak (D:9)
  A wolf (D:8)
  A howler monkey (D:6)
  2 gnolls (D:4)
  2 adders
  A worm (D:2)
  2 orcs (D:3)
  A hobgoblin (D:2)
13 creatures vanquished.

Vanquished Creatures (others)
  A centaur simulacrum (D:11)
  An ice beast (D:7)
  A meliai simulacrum (D:11)
  A bullfrog (D:7)
  51 fungi
  99 plants
154 creatures vanquished.

Grand Total: 561 creatures vanquished

Notes
Turn   | Place    | Note
-------+----------+-------------------------------------------
     0 | D:1      | EnegeticOcto the Kobold Hedge Wizard began the quest for
                  | the Orb.
     0 | D:1      | Reached XP level 1. HP: 10/10 MP: 4/4
   108 | D:1      | Reached skill level 3 in Stealth
   620 | D:1      | Reached XP level 2. HP: 15/15 MP: 4/6
   797 | D:1      | Reached skill level 4 in Stealth
   800 | D:1      | Learned a level 2 spell: Blink
   803 | D:1      | Learned a level 2 spell: Call Imp
   806 | D:1      | Learned a level 2 spell: Slow
  1306 | D:2      | Reached XP level 3. HP: 19/19 MP: 0/7
  1518 | D:2      | Reached skill level 2 in Summonings
  1901 | D:2      | Found a faded altar of an unknown god.
  2226 | D:2      | Reached XP level 4. HP: 21/24 MP: 8/8
  2357 | D:2      | Reached skill level 3 in Summonings
  2655 | D:3      | Reached skill level 1 in Fighting
  3392 | D:3      | Reached skill level 1 in Short Blades
  3443 | D:3      | Found an ancient bone altar of Kikubaaqudgha.
  3595 | D:3      | Reached skill level 2 in Fighting
  3595 | D:3      | Reached XP level 5. HP: 30/30 MP: 9/9
  3689 | D:3      | Found a glowing golden altar of the Shining One.
  3689 | D:3      | Found a shadowy altar of Dithmenos.
  4007 | D:4      | Found a staircase to the Ecumenical Temple.
  4008 | D:4      | Noticed an ogre
  4022 | D:4      | Killed an ogre
  4023 | D:4      | Reached skill level 3 in Fighting
  4023 | D:4      | Reached skill level 3 in Short Blades
  4023 | D:4      | Reached XP level 6. HP: 37/37 MP: 10/10
  4143 | Temple   | Entered the Ecumenical Temple
  4422 | Temple   | Became a worshipper of the Wu Jian Council
  4914 | D:4      | Reached skill level 4 in Short Blades
  5158 | D:4      | Reached skill level 4 in Fighting
  5158 | D:4      | Reached skill level 5 in Stealth
  5158 | D:4      | Reached XP level 7. HP: 43/43 MP: 11/11
  5363 | D:5      | Entered Level 5 of the Dungeon
  5820 | D:5      | Found Kuusosu's Assorted Antiques.
  5835 | D:5      | Bought a twisted moonstone ring for 100 gold pieces
  5835 | D:5      | Bought a scroll of identify for 40 gold pieces
  5835 | D:5      | Bought a jewelled gold wand for 80 gold pieces
  5835 | D:5      | Bought a puce potion for 18 gold pieces
  6030 | D:5      | Noticed Blork the orc
  6096 | D:5      | Reached * piety under Wu Jian
  6097 | D:5      | Reached skill level 5 in Short Blades
  6178 | D:5      | Reached skill level 6 in Stealth
  6245 | D:5      | Reached skill level 5 in Fighting
  6245 | D:5      | Reached XP level 8. HP: 49/49 MP: 12/12
  6710 | D:6      | Noticed Prince Ribbit
  6729 | D:6      | Killed Prince Ribbit
  6730 | D:6      | Reached skill level 6 in Short Blades
  6730 | D:6      | Reached skill level 7 in Stealth
  6915 | D:6      | Reached skill level 7 in Short Blades
  7078 | D:6      | Reached skill level 8 in Stealth
  7138 | D:6      | Noticed Sigmund
  7422 | D:6      | Found a burning altar of Makhleb.
  7433 | D:6      | Found a runed translucent door.
  7436 | D:6      | Noticed Crazy Yiuf
  7440 | D:6      | Killed Crazy Yiuf
  8192 | D:6      | Killed Sigmund
  8193 | D:6      | Reached skill level 8 in Short Blades
  8215 | D:6      | Reached skill level 9 in Short Blades
  8215 | D:6      | Reached XP level 9. HP: 32/54 MP: 13/13
  8649 | D:6      | Found a burning altar of Makhleb.
  8836 | D:5      | Killed Blork the orc
  9017 | D:7      | Reached skill level 10 in Short Blades
  9160 | D:7      | Reached skill level 1 in Evocations
  9262 | D:7      | Noticed Pikel
  9289 | D:7      | Killed Pikel
  9290 | D:7      | Reached skill level 3 in Dodging
  9290 | D:7      | Reached skill level 2 in Evocations
  9441 | D:7      | Reached skill level 4 in Dodging
  9441 | D:7      | Reached skill level 3 in Evocations
  9569 | D:7      | Reached skill level 9 in Stealth
  9690 | D:7      | Reached skill level 6 in Fighting
  9794 | D:7      | Identified the +4 kite shield "Byseg" {rElec rF+ rN+}
  9800 | D:7      | Learned a level 2 spell: Passwall
 10216 | D:8      | Noticed a troll
 10224 | D:8      | Killed a troll
 10224 | D:8      | Reached ** piety under Wu Jian
 10225 | D:8      | Reached XP level 10. HP: 60/60 MP: 14/14
 10282 | D:8      | Reached skill level 5 in Dodging
 10282 | D:8      | Reached skill level 4 in Evocations
 10287 | D:8      | Noticed a two-headed ogre
 10288 | D:8      | Killed a two-headed ogre
 10289 | D:8      | Reached skill level 7 in Fighting
 10289 | D:8      | Reached skill level 6 in Dodging
 10289 | D:8      | Reached skill level 10 in Stealth
 11073 | D:8      | Found a broken altar of Ashenzari.
 11100 | D:8      | Reached skill level 11 in Stealth
 11206 | D:8      | Noticed Harold
 11213 | D:8      | Killed Harold
 11214 | D:8      | Reached skill level 8 in Fighting
 11214 | D:8      | Reached skill level 12 in Stealth
 11215 | D:8      | Reached skill level 1 in Shields
 11456 | D:8      | Found a staircase to the Lair.
 11734 | D:9      | Reached skill level 2 in Shields
 11766 | D:9      | Reached skill level 3 in Shields
 11766 | D:9      | Reached XP level 11. HP: 65/68 MP: 10/15
 11806 | D:9      | Reached skill level 4 in Shields
 12213 | D:9      | Found an opulent altar of Gozag.
 12564 | D:9      | Found an opulent altar of Gozag.
 12799 | D:9      | Reached skill level 5 in Shields
 13337 | D:10     | Entered Level 10 of the Dungeon
 13445 | D:10     | Found a stormy altar of Qazlal.
 13493 | D:10     | Noticed a two-headed ogre
 13496 | D:10     | Killed a two-headed ogre
 13497 | D:10     | Reached skill level 6 in Shields
 13967 | D:10     | Found a staircase to the Orcish Mines.
 13991 | D:10     | Noticed a centaur warrior
 13993 | D:10     | Reached skill level 7 in Shields
 13999 | D:10     | Killed a centaur warrior
 14554 | D:10     | Reached skill level 8 in Shields
 14990 | D:11     | Noticed a two-headed ogre
 15290 | D:11     | Reached XP level 12. HP: 71/73 MP: 16/16
 15626 | D:11     | Reached *** piety under Wu Jian
 15717 | D:11     | Killed a two-headed ogre
 15718 | D:11     | Reached skill level 9 in Shields
 16337 | D:11     | Noticed an eight-headed hydra
 16426 | D:11     | Killed an eight-headed hydra
 16427 | D:11     | Reached skill level 10 in Shields
 17699 | D:11     | Reached skill level 9 in Fighting
 17713 | D:11     | Learned a level 3 spell: Mephitic Cloud
 17955 | D:11     | Reached skill level 1 in Air Magic
 17955 | D:11     | Reached skill level 1 in Poison Magic
 17989 | D:11     | Reached skill level 2 in Conjurations
 18600 | D:11     | Noticed a death knight
 18632 | D:11     | Killed a death knight
 18633 | D:11     | Reached skill level 2 in Air Magic
 18633 | D:11     | Reached skill level 2 in Poison Magic
 19008 | D:11     | Found the ring of Shadows {Umbra +Inv Stlth+}
 19014 | D:11     | Noticed a five-headed hydra
 19017 | D:11     | Reached skill level 3 in Conjurations
 19018 | D:11     | Noticed a seven-headed hydra
 19341 | Lair:1   | Entered Level 1 of the Lair of Beasts
 19361 | Lair:1   | Reached skill level 3 in Air Magic
 19361 | Lair:1   | Reached skill level 3 in Poison Magic
 19361 | Lair:1   | Reached XP level 13. HP: 80/80 MP: 17/17
 19725 | Lair:1   | Reached skill level 4 in Conjurations
 19767 | Lair:1   | Reached skill level 4 in Air Magic
 19767 | Lair:1   | Reached skill level 4 in Poison Magic
 20642 | Lair:2   | Reached skill level 4 in Spellcasting
 21071 | Lair:2   | Reached skill level 5 in Spellcasting
 21786 | Lair:2   | Found a staircase to the Snake Pit.
 22912 | Lair:2   | Reached skill level 6 in Spellcasting
 22971 | Lair:3   | Noticed a four-headed hydra
 23155 | Lair:3   | Reached **** piety under Wu Jian
 23229 | Lair:3   | Noticed a catoblepas
 23312 | Lair:3   | Reached skill level 11 in Shields
 23791 | Lair:3   | Killed a four-headed hydra
 24519 | Lair:3   | Noticed a five-headed hydra
 24520 | Lair:3   | Killed a five-headed hydra
 25032 | Lair:3   | Reached skill level 7 in Dodging
 25605 | Lair:4   | Reached XP level 14. HP: 57/86 MP: 24/24
 25642 | Lair:4   | Reached skill level 7 in Spellcasting
 25786 | Lair:4   | Found a gate leading to a gauntlet.
 25792 | Gauntlet | Entered a Gauntlet
 25792 | Gauntlet | Found a transporter.
 25903 | Gauntlet | Found a transporter.
 25911 | Gauntlet | Found a transporter.
 25917 | Gauntlet | Found a transporter.
 25939 | Gauntlet | Found the +3 pair of seven-league boots {Rampage+∞}
 25939 | Gauntlet | Found a transporter.
 25982 | Gauntlet | Found a transporter.
 26009 | Gauntlet | Found a transporter.
 26036 | Gauntlet | Found a transporter.
 26047 | Gauntlet | Found a runed translucent gate.
 26048 | Gauntlet | Found a transporter.
 26048 | Gauntlet | Found a runed translucent gate.
 26048 | Gauntlet | Noticed a dire elephant
 26049 | Gauntlet | Found a runed translucent gate.
 26060 | Gauntlet | Found a transporter.
 26083 | Gauntlet | Found a transporter.
 26093 | Gauntlet | Found a large runed translucent door.
 26095 | Gauntlet | Found a transporter.
 26104 | Gauntlet | Found a transporter.
 26127 | Gauntlet | Found a transporter.
 26228 | Gauntlet | Found a large runed translucent door.
 26228 | Gauntlet | Found a large runed translucent door.
 26229 | Gauntlet | Found a large runed translucent door.
 26230 | Gauntlet | Found a large runed translucent door.
 26231 | Gauntlet | Found a large runed translucent door.
 26231 | Gauntlet | Found a large runed translucent door.
 26232 | Gauntlet | Found a large runed translucent door.
 26248 | Gauntlet | Found a large runed translucent door.
 26248 | Gauntlet | Found a large runed translucent door.
 26249 | Gauntlet | Found a large runed translucent door.
 26250 | Gauntlet | Found a large runed translucent door.
 26251 | Gauntlet | Found a large runed translucent door.
 26251 | Gauntlet | Found a large runed translucent door.
 26252 | Gauntlet | Found a large runed translucent door.
 26253 | Gauntlet | Found a large runed translucent door.
 26370 | Gauntlet | Found a transporter.
 26473 | Gauntlet | Found a transporter.
 26599 | Gauntlet | Found a runed translucent door.
 26599 | Gauntlet | Found a runed translucent door.
 26660 | Gauntlet | Reached skill level 8 in Dodging
 26836 | Gauntlet | Identified the +0 pair of gloves of the Barber Surgeon {rC+
                  | Str+4}
 26850 | Gauntlet | Noticed a minotaur
 26855 | Gauntlet | Killed a minotaur
 26860 | Gauntlet | Identified the +1 robe of Gallantry {-Tele Fly rElec rF+}
 27269 | Lair:4   | Reached skill level 9 in Dodging
 27398 | Lair:4   | Reached skill level 12 in Shields
 27534 | Lair:4   | Reached skill level 13 in Stealth
 28672 | Lair:5   | You fall into a shaft and drop 1 floor!
 28672 | Lair:6   | Entered Level 6 of the Lair of Beasts
 28783 | Lair:6   | Found a dark tunnel.
 28896 | Volcano  | Entered a volcano
 29084 | Volcano  | Found a radiant altar of Vehumet.
 29086 | Volcano  | Reached skill level 10 in Dodging
 29102 | Volcano  | Noticed a stone giant
 29252 | Lair:5   | Found a transporter.
 29264 | Lair:5   | Noticed manon's ghost (journeyman VSFi)
 29274 | Lair:5   | Reached skill level 14 in Stealth
 29275 | Lair:5   | Killed manon's ghost
 29282 | Lair:5   | Found a transporter.
 30122 | Lair:5   | Found a one-way gate to the infinite horrors of the Abyss.
 30627 | Lair:6   | Reached XP level 15. HP: 90/90 MP: 25/25
 31541 | Lair:6   | Slain by a komodo dragon

Illustrated notes

Levels and vault maps discovered:
D:1:      lemuel_arrival_lava_pool, layout_basic, hangedman_decor_push
D:2:      layout_loops_ring, hellmonk_ecumenical_altar_heavens_door,
          serial_undead, serial_undead_a, serial_undead_f, serial_undead_d,
          serial_undead_f, minmay_tromino_i4
D:3:      layout_loops_corners, jmf_multi_god_temple, kiku_gazebo_pond_becter,
          st_stairs_4
D:4:      layout_loops_cross, minmay_temple_entry_offerings
D:5:      layout_basic, serial_shops, nicolae_shop_statue_plus,
          uniq_blork_the_orc
D:6:      layout_loops_ring, lightli_temple_of_fire, uniq_sigmund,
          uniq_prince_ribbit1, uniq_crazy_yiuf_cottage
D:7:      layout_loops_cross, lemuel_flamethrower_2, uniq_pikel
D:8:      layout_loops_ring, lemuel_crystal_altar, erik_lair_island,
          patterned_corridor, uniq_harold
D:9:      layout_loops_cross, kennysheep_mini_moat
D:10:     layout_long_grid, grunt_qazlal_clouds, orc_0_dummy
D:11:     minmay_the_grid_square_5x5_4x4 [minmay_the_grid_square_5x5_minimal,
          minmay_the_grid_square_5x5_longway,
          minmay_the_grid_square_5x5_beaten_path,
          minmay_the_grid_square_5x5_tetrominoes,
          minmay_the_grid_square_5x5_checkered_statues,
          minmay_the_grid_square_5x5_prize_rear_guard,
          minmay_the_grid_square_5x5_prize_open,
          minmay_the_grid_square_5x5_doubleslash,
          minmay_the_grid_square_5x5_tie,
          minmay_the_grid_square_5x5_prize_itemx,
          minmay_the_grid_square_5x5_prize_pseudospiral,
          minmay_the_grid_square_5x5_trominoes,
          minmay_the_grid_square_5x5_bracketed,
          minmay_the_grid_square_5x5_two_walls_a,
          minmay_the_grid_square_5x5_gyroscope,
          minmay_the_grid_square_5x5_half_checkered], layout_basic
Temple:   regret_index_temple_generic_petals
Lair:1:   layout_loops_ring, serial_bayou_shore_b
Lair:2:   layout_small_grid, nicolae_swamp_entry_splash_gauntlet,
          guppyfry_snake_entry_garden, st_stairs_3
Lair:3:   layout_cave_shapes, fungi_pond_lemuel, serial_bayou_crossing
Lair:4:   beast_lair_carwin_large_4, layout_regular_city, gauntlet_entry_generic
Lair:5:   layout_gridlike, gammafunk_ghost_abyssal_escape,
          chequers_serial_rivers_small_a, serial_bayou_lake_a
Lair:6:   gammafunk_lair_ancient_temple, layout_cave_pods, slime_dummy,
          nicolae_volcano_entry_lava_flow, chequers_serial_rivers_micro_c

Skill      XL: |  1  2  3  4  5  6  7  8  9 10 11 12 13 14 |
---------------+-------------------------------------------+-----
Stealth        | 3 4 5 6 8 9 12 14 | 14.5
Summonings     | 2 3 |  3.0
Fighting       | 2 3 4 5 6 8 9 |  9.0
Short Blades   | 1 3 4 5 9 10 | 10.6
Evocations     | 3 4 |  4.0
Dodging        | 4 6 7 10 | 10.8
Shields        | 3 8 10 11 12 | 12.6
Air Magic      | 3 4 |  4.0
Poison Magic   | 3 4 |  4.0
Conjurations   | 3 4 |  4.0
Spellcasting   | 6 7 |  7.0
Translocations | |  1.0

Action                   |  1- 3 |  4- 6 |  7- 9 | 10-12 | 13-15 || total
-------------------------+-------+-------+-------+-------+-------++-------
Melee: Short sword       |    14 |       |     6 |    74 |       ||    94
       Hand axe          |    50 |    25 |       |       |       ||    75
       Dagger            |       |    80 |   221 |   612 |   897 ||  1810
       Whip              |       |     6 |       |       |       ||     6
       Unarmed           |       |       |    18 |       |       ||    18
       Rapier            |       |       |       |       |   116 ||   116
Throw: Dart              |       |       |       |     4 |       ||     4
       Throwing net      |       |       |       |     1 |       ||     1
 Cast: Magic Dart        |    53 |    17 |       |     1 |       ||    71
       Call Imp          |     7 |    13 |    19 |     9 |     3 ||    51
       Passwall          |       |       |       |     3 |    11 ||    14
       Mephitic Cloud    |       |       |       |       |     8 ||     8
Invok: Lunge             |       |    21 |    25 |    38 |    82 ||   166
       Whirlwind         |       |       |     8 |    11 |    73 ||    92
       Serpent's Lash    |       |       |       |     3 |    18 ||    21
 Abil: Wall Jump         |       |       |       |     2 |     4 ||     6
Evoke: Wand              |       |       |     3 |    27 |    29 ||    59
       Box of beasts     |       |       |       |       |     1 ||     1
       Condenser vane    |       |       |       |       |     1 ||     1
  Use: Scroll            |       |     1 |    13 |    10 |    15 ||    39
       Potion            |       |       |       |     1 |     3 ||     4
 Stab: Sleeping          |     4 |    36 |    18 |    27 |    58 ||   143
       Distracted        |       |     3 |     3 |     6 |    12 ||    24
       Confused          |       |       |     4 |       |     2 ||     6
       Held in net/web   |       |       |       |     1 |       ||     1
Armor: Robe              |    11 |     7 |    17 |   105 |    87 ||   227
       Skin              |       |       |     1 |       |       ||     1
Dodge: Dodged            |    57 |    50 |    83 |   227 |   237 ||   654
Block: Kite shield       |       |       |       |   299 |   517 ||   816

Table legend: (Time is in decaauts)
 A = Elapsed time spent in this place.
 B = Non-inter-level travel time spent in this place.
 C = Inter-level travel time spent in this place.
 D = Time resting spent in this place.
 E = Time spent auto-exploring this place.
 F = Levels seen in this place.
 G = Mean time per level.
                   A        B        C        D        E       F      G
               +--------+--------+--------+--------+--------+-----+--------+
         Total |  31066 |  29822 |   1244 |   7132 |  17823 |  20 | 1553.3 |
       Dungeon |  18762 |  17852 |    910 |   3864 |  11261 |  11 | 1705.6 |
        Temple |    318 |    259 |     59 |      0 |    257 |   1 |  318.0 |
          Lair |  10598 |  10324 |    274 |   2761 |   5860 |   6 | 1766.3 |
       Volcano |    328 |    328 |      0 |    209 |      0 |   1 |  328.0 |
      Gauntlet |   1058 |   1058 |      0 |    298 |    444 |   1 | 1058.0 |
               +--------+--------+--------+--------+--------+-----+--------+

Top non-repeatable levels by time:
    D:11: 4155 daAuts
  Lair:2: 3078 daAuts
     D:6: 2340 daAuts
  Lair:3: 1880 daAuts
    D:10: 1643 daAuts
     D:9: 1634 daAuts
     D:8: 1589 daAuts
  Lair:5: 1562 daAuts
     D:2: 1538 daAuts
  Lair:4: 1516 daAuts
  Lair:1: 1378 daAuts
     D:3: 1345 daAuts
  Lair:6: 1182 daAuts
     D:4: 1172 daAuts
     D:5: 1170 daAuts
